Workbook
Name BILLING_DETERMINANTS: #REF!
Name BRR_2016: #REF!
Name BRR_2027: #REF!
Name BRR_2028: #REF!
Name BRR_2029: #REF!
Name BRR_2030: #REF!
Name BRR_2031: #REF!
Name BRRAPP: #REF!
Name BRRIR: #REF!
Name BRRPBD: #REF!
Name BRRSA: #REF!
Name ccar: #REF!
Name COS_RES_CUSTOMERS: #REF!
Name COS_RES_KWH: #REF!
Name Eff_Date: #REF!
Name forecast_wholesale_LNPlus: #REF!
Name forecast_wholesale_TN: #REF!
Name IA: #REF!
Name IR: #REF!
Name IRM_2025: #REF!
Name IRM_2026: #REF!
Name LLF: #REF!
Name MidPeakPer: #REF!
Name OffPeakerPer: #REF!
Name OffPeakPer: #REF!
Name OnPeakPer: #REF!
Name PBD: #REF!
Name PPE: #REF!
Name ratebase: #REF!
Name RATES_New: #REF!
Name RTSR: #REF!
Name RTSR_TY: #REF!
Name SA: #REF!
Name SIP: #REF!
Name Start45: '2-OA'!$A$1
Name Start46: '2-OB'!$A$1
Name Test_Year: #REF!
Name Test_Year_2: #REF!
Name Test_Year_3: #REF!
Name Test_Year_4: #REF!
Name Test_Year_5: #REF!
Name total_wholesale_LinePlus: #REF!
Name total_wholesale_TC: #REF!
Name total_wholesale_TN: #REF!
Name YRS_LEFT: #REF!

Sheet 2-OA
A1: Back to Index | M1: File Number:
M2: Exhibit: | N2: 5
M3: Tab: | N3: 1
M4: Schedule: | N4: 1
M5: Page:
M7: Date:
E10: Appendix 2-OA
E11: Capital Structure and Cost of Capital
C13: This table must be completed for the last OEB-approved year and the test year.
I15: Test Year: | J15: 2027
C17: Line No.
E18: Particulars | G18: Capitalization Ratio | M18: Cost Rate | Q18: Return
G20: (%) | K20: ($) | M20: (%) | Q20: ($)
E21: Debt
C22: 1 | E22: Long-term Debt | G22: 0.56 | K22: =$K$31*G22 -> 2.5371463e+09 | M22: ='2-OB'!K222 -> 0.042465812 | Q22: =M22*K22 -> 1.0774198e+08
C23: 2 | E23: Short-term Debt | G23: 0.04 | K23: =$K$31*G23 -> 1.8122473e+08 | M23: 0.0272 | Q23: =M23*K23 -> 4929312.8
C24: 3 | E24: Total Debt | G24: 0.6 | K24: =SUM(K22:K23) -> 2.718371e+09 | M24: =IF(G24=0,0,SUMPRODUCT(G22:G23,M22:M23)/G24) -> 0.041448091 | Q24: =SUM(Q22:Q23) -> 1.1267129e+08
E26: Equity
C27: 4 | E27: Common Equity | G27: 0.4 | K27: =$K$31*G27 -> 1.8122473e+09 | M27: 0.0911 | Q27: =M27*K27 -> 1.6509573e+08
C28: 5 | E28: Preferred Shares | K28: =$K$31*G28 -> 0 | M28: 0 | Q28: =M28*K28 -> 0
C29: 6 | E29: Total Equity | G29: 0.4 | K29: =SUM(K27:K28) -> 1.8122473e+09 | M29: =SUM(M27:M28) -> 0.0911 | Q29: =SUM(Q27:Q28) -> 1.6509573e+08
C31: 7 | E31: Total | G31: 1 | K31: 4.5306183e+09 | M31: =(M24*G24)+(M29*G29) -> 0.061308855 | Q31: =+Q29+Q24 -> 2.7776702e+08
C34: Notes
C35: (1) | E35: 4.0% unless an applicant has proposed or been approved for a different amount.
I45: Last OEB-approved year: | J45: 2019
C47: Line No.
E48: Particulars | G48: Capitalization Ratio | M48: Cost Rate | Q48: Return
G50: (%) | K50: ($) | M50: (%) | Q50: ($)
E51: Debt
C52: 1 | E52: Long-term Debt | G52: 0.56 | K52: =$K$61*G52 -> 1.5780863e+09 | M52: 0.044906141 | Q52: =M52*K52 -> 70865764
C53: 2 | E53: Short-term Debt | G53: 0.04 | K53: =$K$61*G53 -> 1.1272045e+08 | M53: 0.020913519 | Q53: =M53*K53 -> 2357381.3
C54: 3 | E54: Total Debt | G54: 0.6 | K54: =SUM(K52:K53) -> 1.6908067e+09 | M54: =IF(G54=0,0,SUMPRODUCT(G52:G53,M52:M53)/G54) -> 0.043306633 | Q54: =SUM(Q52:Q53) -> 73223145
E56: Equity
C57: 4 | E57: Common Equity | G57: 0.4 | K57: =$K$61*G57 -> 1.1272045e+09 | M57: 0.089493168 | Q57: =M57*K57 -> 1.008771e+08
C58: 5 | E58: Preferred Shares | K58: =$K$61*G58 -> 0 | Q58: =M58*K58 -> 0
C59: 6 | E59: Total Equity | G59: 0.4 | K59: =SUM(K57:K58) -> 1.1272045e+09 | M59: =SUM(M57:M58) -> 0.089493168 | Q59: =SUM(Q57:Q58) -> 1.008771e+08
C61: 7 | E61: Total | G61: 1 | K61: 2.8180112e+09 | M61: =(M54*G54)+(M59*G59) -> 0.061781247 | Q61: =+Q59+Q54 -> 1.7410024e+08
C64: Notes
C65: (1) | E65: 4.0% unless an applicant has proposed or been approved for a different amount.
I74: Test Year: | J74: 2028
C76: Line No.
E77: Particulars | G77: Capitalization Ratio | M77: Cost Rate | Q77: Return
G79: (%) | K79: ($) | M79: (%) | Q79: ($)
E80: Debt
C81: 1 | E81: Long-term Debt | G81: 0.56 | K81: =$K90*G81 -> 2.6894608e+09 | M81: ='2-OB'!K240 -> 0.044265019 | Q81: =M81*K81 -> 1.1904903e+08
C82: 2 | E82: Short-term Debt | G82: 0.04 | K82: =$K90*G82 -> 1.9210434e+08 | M82: =M23 -> 0.0272 | Q82: =M82*K82 -> 5225238.1
C83: 3 | E83: Total Debt | G83: 0.6 | K83: =SUM(K81:K82) -> 2.8815651e+09 | M83: =IF(G83=0,0,SUMPRODUCT(G81:G82,M81:M82)/G83) -> 0.043127351 | Q83: =SUM(Q81:Q82) -> 1.2427427e+08
E85: Equity
C86: 4 | E86: Common Equity | G86: 0.4 | K86: =$K90*G86 -> 1.9210434e+09 | M86: =M27 -> 0.0911 | Q86: =M86*K86 -> 1.7500706e+08
C87: 5 | E87: Preferred Shares | K87: =$K90*G87 -> 0 | M87: 0 | Q87: =M87*K87 -> 0
C88: 6 | E88: Total Equity | G88: 0.4 | K88: =SUM(K86:K87) -> 1.9210434e+09 | M88: =SUM(M86:M87) -> 0.0911 | Q88: =SUM(Q86:Q87) -> 1.7500706e+08
C90: 7 | E90: Total | G90: 1 | K90: 4.8026086e+09 | M90: =(M83*G83)+(M88*G88) -> 0.06231641 | Q90: =+Q88+Q83 -> 2.9928133e+08
C93: Notes
C94: (1) | E94: 4.0% unless an applicant has proposed or been approved for a different amount.
I103: Test Year: | J103: 2029
C105: Line No.
E106: Particulars | G106: Capitalization Ratio | M106: Cost Rate | Q106: Return
G108: (%) | K108: ($) | M108: (%) | Q108: ($)
E109: Debt
C110: 1 | E110: Long-term Debt | G110: 0.56 | K110: =$K119*G110 -> 2.8704573e+09 | M110: ='2-OB'!K260 -> 0.044563878 | Q110: =M110*K110 -> 1.2791871e+08
C111: 2 | E111: Short-term Debt | G111: 0.04 | K111: =$K119*G111 -> 2.0503267e+08 | M111: =M82 -> 0.0272 | Q111: =M111*K111 -> 5576888.5
C112: 3 | E112: Total Debt | G112: 0.6 | K112: =SUM(K110:K111) -> 3.07549e+09 | M112: =IF(G112=0,0,SUMPRODUCT(G110:G111,M110:M111)/G112) -> 0.043406286 | Q112: =SUM(Q110:Q111) -> 1.334956e+08
E114: Equity
C115: 4 | E115: Common Equity | G115: 0.4 | K115: =$K119*G115 -> 2.0503267e+09 | M115: =M86 -> 0.0911 | Q115: =M115*K115 -> 1.8678476e+08
C116: 5 | E116: Preferred Shares | K116: =$K119*G116 -> 0 | M116: 0 | Q116: =M116*K116 -> 0
C117: 6 | E117: Total Equity | G117: 0.4 | K117: =SUM(K115:K116) -> 2.0503267e+09 | M117: =SUM(M115:M116) -> 0.0911 | Q117: =SUM(Q115:Q116) -> 1.8678476e+08
C119: 7 | E119: Total | G119: 1 | K119: 5.1258167e+09 | M119: =(M112*G112)+(M117*G117) -> 0.062483771 | Q119: =+Q117+Q112 -> 3.2028036e+08
C122: Notes
C123: (1) | E123: 4.0% unless an applicant has proposed or been approved for a different amount.
I132: Test Year: | J132: 2030
C134: Line No.
E135: Particulars | G135: Capitalization Ratio | M135: Cost Rate | Q135: Return
G137: (%) | K137: ($) | M137: (%) | Q137: ($)
E138: Debt
C139: 1 | E139: Long-term Debt | G139: 0.56 | K139: =$K148*G139 -> 3.0875215e+09 | M139: ='2-OB'!K281 -> 0.044760366 | Q139: =M139*K139 -> 1.3819859e+08
C140: 2 | E140: Short-term Debt | G140: 0.04 | K140: =$K148*G140 -> 2.2053725e+08 | M140: =M111 -> 0.0272 | Q140: =M140*K140 -> 5998613.2
C141: 3 | E141: Total Debt | G141: 0.6 | K141: =SUM(K139:K140) -> 3.3080587e+09 | M141: =IF(G141=0,0,SUMPRODUCT(G139:G140,M139:M140)/G141) -> 0.043589675 | Q141: =SUM(Q139:Q140) -> 1.441972e+08
E143: Equity
C144: 4 | E144: Common Equity | G144: 0.4 | K144: =$K148*G144 -> 2.2053725e+09 | M144: =M115 -> 0.0911 | Q144: =M144*K144 -> 2.0090943e+08
C145: 5 | E145: Preferred Shares | K145: =$K148*G145 -> 0 | M145: 0 | Q145: =M145*K145 -> 0
C146: 6 | E146: Total Equity | G146: 0.4 | K146: =SUM(K144:K145) -> 2.2053725e+09 | M146: =SUM(M144:M145) -> 0.0911 | Q146: =SUM(Q144:Q145) -> 2.0090943e+08
C148: 7 | E148: Total | G148: 1 | K148: 5.5134312e+09 | M148: =(M141*G141)+(M146*G146) -> 0.062593805 | Q148: =+Q146+Q141 -> 3.4510664e+08
C151: Notes
C152: (1) | E152: 4.0% unless an applicant has proposed or been approved for a different amount.
I161: Test Year: | J161: 2031
C163: Line No.
E164: Particulars | G164: Capitalization Ratio | M164: Cost Rate | Q164: Return
G166: (%) | K166: ($) | M166: (%) | Q166: ($)
E167: Debt
C168: 1 | E168: Long-term Debt | G168: 0.56 | K168: =$K177*G168 -> 3.3097783e+09 | M168: ='2-OB'!K302 -> 0.04642281 | Q168: =M168*K168 -> 1.5364921e+08
C169: 2 | E169: Short-term Debt | G169: 0.04 | K169: =$K177*G169 -> 2.3641273e+08 | M169: =M140 -> 0.0272 | Q169: =M169*K169 -> 6430426.4
C170: 3 | E170: Total Debt | G170: 0.6 | K170: =SUM(K168:K169) -> 3.546191e+09 | M170: =IF(G170=0,0,SUMPRODUCT(G168:G169,M168:M169)/G170) -> 0.045141289 | Q170: =SUM(Q168:Q169) -> 1.6007964e+08
E172: Equity
C173: 4 | E173: Common Equity | G173: 0.4 | K173: =$K177*G173 -> 2.3641273e+09 | M173: =M144 -> 0.0911 | Q173: =M173*K173 -> 2.15372e+08
C174: 5 | E174: Preferred Shares | K174: =$K177*G174 -> 0 | M174: 0 | Q174: =M174*K174 -> 0
C175: 6 | E175: Total Equity | G175: 0.4 | K175: =SUM(K173:K174) -> 2.3641273e+09 | M175: =SUM(M173:M174) -> 0.0911 | Q175: =SUM(Q173:Q174) -> 2.15372e+08
C177: 7 | E177: Total | G177: 1 | K177: 5.9103184e+09 | M177: =(M170*G170)+(M175*G175) -> 0.063524774 | Q177: =+Q175+Q170 -> 3.7545164e+08
C180: Notes
C181: (1) | E181: 4.0% unless an applicant has proposed or been approved for a different amount.

Sheet 2-OB
A1: Back to Index | L1: File Number:
L2: Exhibit: | M2: 5
L3: Tab: | M3: 1
L4: Schedule: | M4: 1
L5: Page:
L7: Date:
C10: Appendix 2-OB
C11: Debt Instruments
C13: Notes
C15: 1 | D15: If financing is in place only part of the year, separately calculate the pro-rated interest in the year and input in the cell.
C16: 2 | D16: Input actual or deemed long-term debt rate in accordance with the guidelines in The Report of the Board on the Cost of Capital for Ontario's Regulated Utilities, issued December 11, 2009, or with any subsequent update issued by the OEB.
C17: 3 | D17: Add more lines above row 12 if necessary.
C18: 4 | D18: Effective Interest Rate method relied on for the amortization of issuance costs
F21: Year | G21: 2017
C23: Row | D23: Description | E23: Lender | F23: Affiliated or Third-Party Debt? | G23: Fixed or Variable-Rate? | H23: Start Date | I23: Term (years) | J23: Principal ($) | K23: Rate (%) 2 | L23: Interest ($) 1,4 | M23: Additional Comments, if any
C24: 1 | D24: Prommisory Note Payable | E24: Alectra Inc. | F24: Affiliated | G24: Fixed | H24: 40380 | I24: 10 | J24: 40000000 | K24: 0.0489 | L24: 1789874
C25: 2 | D25: Prommisory Note Payable | E25: Alectra Inc. | F25: Affiliated | G25: Fixed | H25: 41095 | I25: 10 | J25: 150000000 | K25: 0.03033 | L25: 4241538.8
C26: 3 | D26: Prommisory Note Payable | E26: Alectra Inc. | F26: Affiliated | G26: Fixed | H26: 40662 | I26: 10 | J26: 110000000 | K26: 0.04521 | L26: 4626803.9
C27: 4 | D27: Prommisory Note Payable | E27: Alectra Inc. | F27: Affiliated | G27: Fixed | H27: 40662 | I27: 30 | J27: 210000000 | K27: 0.05297 | L27: 10203514
C28: 5 | D28: Prommisory Note Payable | E28: Alectra Inc. | F28: Affiliated | G28: Fixed | H28: 42872 | I28: 10 | J28: 3.7957534e+08 | K28: 0.02488 | L28: 10573347
C29: 6 | D29: Prommisory Note Payable | E29: Alectra Inc. | F29: Affiliated | G29: Fixed | H29: 41964 | I29: 10 | J29: 150000000 | K29: 0.03239 | L29: 4497834.8
C30: 7 | D30: Prommisory Note Payable | E30: Alectra Inc. | F30: Affiliated | G30: Fixed | H30: 41850 | I30: 28 | J30: 200000000 | K30: 0.03958 | L30: 7330524.5
C31: 8 | D31: Prommisory Note Payable | E31: Alectra Inc. | F31: Affiliated | G31: Fixed | H31: 41578 | I31: 10 | J31: 7584243 | K31: 0.0403 | L31: 279686.11
C32: 9 | D32: Prommisory Note Payable | E32: Alectra Inc. | F32: Affiliated | G32: Fixed | H32: 41578 | I32: 10 | J32: 8743130 | K32: 0.0403 | L32: 322422.68
C33: 10 | D33: Prommisory Note Payable | E33: Alectra Inc. | F33: Affiliated | G33: Fixed | H33: 38139 | I33: 20 | J33: 78236285 | K33: 0.0441 | L33: 3157187.8
C34: 11 | D34: Prommisory Note Payable | E34: Alectra Inc. | F34: Affiliated | G34: Fixed | H34: 38139 | I34: 20 | J34: 67866202 | K34: 0.0441 | L34: 2738708
C35: 12 | D35: Prommisory Note Payable | E35: Alectra Inc. | F35: Affiliated | G35: Fixed | H35: 38139 | I35: 20 | J35: 20000000 | K35: 0.0441 | L35: 807090.41
C36: Total | J36: =SUM(J24:J35) -> 1.4220052e+09 | K36: =+L36/J36 -> 0.035561426 | L36: =SUM(L24:L35) -> 50568532
F39: Year | G39: 2018
C41: Row | D41: Description | E41: Lender | F41: Affiliated or Third-Party Debt? | G41: Fixed or Variable-Rate? | H41: Start Date | I41: Term (years) | J41: Principal ($) | K41: Rate (%) 2 | L41: Interest ($) 1,4 | M41: Additional Comments, if any
C42: 1 | D42: Prommisory Note Payable | E42: Alectra Inc. | F42: Affiliated | G42: Fixed | H42: 40380 | I42: 10 | J42: 40000000 | K42: 0.0489 | L42: 1956000
C43: 2 | D43: Prommisory Note Payable | E43: Alectra Inc. | F43: Affiliated | G43: Fixed | H43: 41095 | I43: 10 | J43: 150000000 | K43: 0.03033 | L43: =4549500.00260274+85565 -> 4635065
C44: 3 | D44: Prommisory Note Payable | E44: Alectra Inc. | F44: Affiliated | G44: Fixed | H44: 40662 | I44: 10 | J44: 110000000 | K44: 0.04521 | L44: =4973100.00589041+86570 -> 5059670
C45: 4 | D45: Prommisory Note Payable | E45: Alectra Inc. | F45: Affiliated | G45: Fixed | H45: 40662 | I45: 30 | J45: 210000000 | K45: 0.05297 | L45: =11123699.9934247+28150 -> 11151850
C46: 5 | D46: Prommisory Note Payable | E46: Alectra Inc. | F46: Affiliated | G46: Fixed | H46: 42872 | I46: 10 | J46: 605000000 | K46: 0.028834086 | L46: 16885282
C47: 6 | D47: Prommisory Note Payable | E47: Alectra Inc. | F47: Affiliated | G47: Fixed | H47: 41964 | I47: 10 | J47: 150000000 | K47: 0.03239 | L47: =4858500+93543 -> 4952043
C48: 7 | D48: Prommisory Note Payable | E48: Alectra Inc. | F48: Affiliated | G48: Fixed | H48: 41850 | I48: 28 | J48: 200000000 | K48: 0.03958 | L48: =7916000+40002 -> 7956002
C49: 8 | D49: Prommisory Note Payable | E49: Alectra Inc. | F49: Affiliated | G49: Fixed | H49: 41578 | I49: 10 | J49: 6295960.6 | K49: 0.0403 | L49: 254564.61
C50: 9 | D50: Prommisory Note Payable | E50: Alectra Inc. | F50: Affiliated | G50: Fixed | H50: 41578 | I50: 10 | J50: 7257995.6 | K50: 0.0403 | L50: 293462.56
C51: 10 | D51: Prommisory Note Payable | E51: Alectra Inc. | F51: Affiliated | G51: Fixed | H51: 38139 | I51: 20 | J51: 78236285 | K51: 0.0441 | L51: 3450220
C52: 11 | D52: Prommisory Note Payable | E52: Alectra Inc. | F52: Affiliated | G52: Fixed | H52: 38139 | I52: 20 | J52: 67866202 | K52: 0.0441 | L52: 2992899.5
C53: 12 | D53: Prommisory Note Payable | E53: Alectra Inc. | F53: Affiliated | G53: Fixed | H53: 38139 | I53: 20 | J53: 20000000 | K53: 0.0441 | L53: 882000
C54: Total | J54: =SUM(J42:J53) -> 1.6446564e+09 | K54: =+L54/J54 -> 0.036766985 | L54: =SUM(L42:L53) -> 60469058
F57: Year | G57: 2019
C59: Row | D59: Description | E59: Lender | F59: Affiliated or Third-Party Debt? | G59: Fixed or Variable-Rate? | H59: Start Date | I59: Term (years) | J59: Principal ($) | K59: Rate (%) 2 | L59: Interest ($) 1,4 | M59: Additional Comments, if any
C60: 1 | D60: Prommisory Note Payable | E60: Alectra Inc. | F60: Affiliated | G60: Fixed | H60: 40380 | I60: 10 | J60: 40000000 | K60: 0.0489 | L60: 1956000
C61: 2 | D61: Prommisory Note Payable | E61: Alectra Inc. | F61: Affiliated | G61: Fixed | H61: 41095 | I61: 10 | J61: 150000000 | K61: 0.03033 | L61: 4635064.2
C62: 3 | D62: Prommisory Note Payable | E62: Alectra Inc. | F62: Affiliated | G62: Fixed | H62: 40662 | I62: 10 | J62: 110000000 | K62: 0.04521 | L62: 5063666.2
C63: 4 | D63: Prommisory Note Payable | E63: Alectra Inc. | F63: Affiliated | G63: Fixed | H63: 40662 | I63: 30 | J63: 210000000 | K63: 0.05297 | L63: 11153356
C64: 5 | D64: Prommisory Note Payable | E64: Alectra Inc. | F64: Affiliated | G64: Fixed | H64: 42872 | I64: 10 | J64: 605000000 | K64: 0.02488 | L64: 16938132
C65: 6 | D65: Prommisory Note Payable | E65: Alectra Inc. | F65: Affiliated | G65: Fixed | H65: 41964 | I65: 10 | J65: 150000000 | K65: 0.03239 | L65: 4955169
C66: 7 | D66: Prommisory Note Payable | E66: Alectra Inc. | F66: Affiliated | G66: Fixed | H66: 41850 | I66: 28 | J66: 200000000 | K66: 0.03958 | L66: 7957618.5
C67: 8 | D67: Prommisory Note Payable | E67: Alectra Inc. | F67: Affiliated | G67: Fixed | H67: 43566 | I67: 30 | J67: 1.4520548e+08 | K67: 0.03497 | L67: 5041432.5
C68: 9 | D68: Prommisory Note Payable | E68: Alectra Inc. | F68: Affiliated | G68: Fixed | H68: 40518 | I68: 20 | J68: 65000000 | K68: 0.05327 | L68: 3456614.2
C69: 10 | D69: Prommisory Note Payable | E69: Alectra Inc. | F69: Affiliated | G69: Fixed | H69: 42272 | I69: 30 | J69: 30000000 | K69: 0.04199 | L69: 1250061.6
C70: 12 | D70: Prommisory Note Payable | E70: Alectra Inc. | F70: Affiliated | G70: Fixed | H70: 38139 | I70: 20 | J70: 78236285 | K70: 0.0441 | L70: 3450220.2
C71: 13 | D71: Prommisory Note Payable | E71: Alectra Inc. | F71: Affiliated | G71: Fixed | H71: 38139 | I71: 20 | J71: 67866202 | K71: 0.0441 | L71: 2992899.5
C72: 14 | D72: Prommisory Note Payable | E72: Alectra Inc. | F72: Affiliated | G72: Fixed | H72: 38139 | I72: 20 | J72: 20000000 | K72: 0.0441 | L72: 882000
C74: Total | J74: =SUM(J60:J73) -> 1.871308e+09 | K74: =+L74/J74 -> 0.0372639 | L74: =SUM(L60:L73) -> 69732234
F77: Year | G77: 2020
C79: Row | D79: Description | E79: Lender | F79: Affiliated or Third-Party Debt? | G79: Fixed or Variable-Rate? | H79: Start Date | I79: Term (years) | J79: Principal ($) | K79: Rate (%) 2 | L79: Interest ($) 1,4 | M79: Additional Comments, if any
C80: 1 | D80: Prommisory Note Payable | E80: Alectra Inc. | F80: Affiliated | G80: Fixed | H80: 40380 | I80: 10 | J80: 22076503 | K80: 0.0489 | L80: 1026098.4
C81: 2 | D81: Prommisory Note Payable | E81: Alectra Inc. | F81: Affiliated | G81: Fixed | H81: 41095 | I81: 10 | J81: 150000000 | K81: 0.03033 | L81: =4549500.00260274+85565 -> 4635065
C82: 3 | D82: Prommisory Note Payable | E82: Alectra Inc. | F82: Affiliated | G82: Fixed | H82: 40662 | I82: 10 | J82: 110000000 | K82: 0.04521 | L82: 5067840.2
C83: 4 | D83: Prommisory Note Payable | E83: Alectra Inc. | F83: Affiliated | G83: Fixed | H83: 40662 | I83: 30 | J83: 210000000 | K83: 0.05297 | L83: 11154938
C84: 5 | D84: Prommisory Note Payable | E84: Alectra Inc. | F84: Affiliated | G84: Fixed | H84: 42872 | I84: 10 | J84: 605000000 | K84: 0.02488 | L84: 16992505
C85: 6 | D85: Prommisory Note Payable | E85: Alectra Inc. | F85: Affiliated | G85: Fixed | H85: 41964 | I85: 10 | J85: 150000000 | K85: 0.03239 | L85: 4958403.3
C86: 7 | D86: Prommisory Note Payable | E86: Alectra Inc. | F86: Affiliated | G86: Fixed | H86: 41850 | I86: 28 | J86: 200000000 | K86: 0.03958 | L86: 7959308.4
C87: 8 | D87: Prommisory Note Payable | E87: Alectra Inc. | F87: Affiliated | G87: Fixed | H87: 43566 | I87: 30 | J87: 200000000 | K87: 0.03497 | L87: 6944567.9
C88: 9 | D88: Prommisory Note Payable | E88: Alectra Inc. | F88: Affiliated | G88: Fixed | H88: 40518 | I88: 20 | J88: 65000000 | K88: 0.05327 | L88: =3421600+24999 -> 3446599
C89: 10 | D89: Prommisory Note Payable | E89: Alectra Inc. | F89: Affiliated | G89: Fixed | H89: 42272 | I89: 30 | J89: 30000000 | K89: 0.04199 | L89: =1236300+13097 -> 1249397
C90: 12 | D90: Prommisory Note Payable | E90: Alectra Inc. | F90: Affiliated | G90: Fixed | H90: 38139 | I90: 20 | J90: 78236285 | K90: 0.0441 | L90: 3450220
C91: 13 | D91: Prommisory Note Payable | E91: Alectra Inc. | F91: Affiliated | G91: Fixed | H91: 38139 | I91: 20 | J91: 67866202 | K91: 0.0441 | L91: 2992899.5
C92: 14 | D92: Prommisory Note Payable | E92: Alectra Inc. | F92: Affiliated | G92: Fixed | H92: 38139 | I92: 20 | J92: 20000000 | K92: 0.0441 | L92: 882000
C94: Total | J94: =SUM(J80:J93) -> 1.908179e+09 | K94: =+L94/J94 -> 0.037082392 | L94: =SUM(L80:L93) -> 70759842
F97: Year | G97: 2021
C99: Row | D99: Description | E99: Lender | F99: Affiliated or Third-Party Debt? | G99: Fixed or Variable-Rate? | H99: Start Date | I99: Term (years) | J99: Principal ($) | K99: Rate (%) 2 | L99: Interest ($) 1,4 | M99: Additional Comments, if any
C100: 1 | D100: Prommisory Note Payable | E100: Alectra Inc. | F100: Affiliated | G100: Fixed | H100: 41095 | I100: 10 | J100: 150000000 | K100: 0.03033 | L100: =4549500.00260274+85565 -> 4635065
C101: 2 | D101: Prommisory Note Payable | E101: Alectra Inc. | F101: Affiliated | G101: Fixed | H101: 40662 | I101: 10 | J101: 35561644 | K101: 0.04521 | L101: 1638813.1
C102: 3 | D102: Prommisory Note Payable | E102: Alectra Inc. | F102: Affiliated | G102: Fixed | H102: 40662 | I102: 30 | J102: 210000000 | K102: 0.05297 | L102: 11156607
C103: 4 | D103: Prommisory Note Payable | E103: Alectra Inc. | F103: Affiliated | G103: Fixed | H103: 42872 | I103: 10 | J103: 605000000 | K103: 0.02488 | L103: 17048446
C104: 5 | D104: Prommisory Note Payable | E104: Alectra Inc. | F104: Affiliated | G104: Fixed | H104: 41964 | I104: 10 | J104: 150000000 | K104: 0.03239 | L104: 4961744
C105: 6 | D105: Prommisory Note Payable | E105: Alectra Inc. | F105: Affiliated | G105: Fixed | H105: 41850 | I105: 28 | J105: 200000000 | K105: 0.03958 | L105: 7961062.7
C106: 7 | D106: Prommisory Note Payable | E106: Alectra Inc. | F106: Affiliated | G106: Fixed | H106: 43566 | I106: 30 | J106: 200000000 | K106: 0.03497 | L106: 6945566.9
C107: 8 | D107: Prommisory Note Payable | E107: Alectra Inc. | F107: Affiliated | G107: Fixed | H107: 40518 | I107: 20 | J107: 65000000 | K107: 0.05327 | L107: 3446598.9
C108: 9 | D108: Prommisory Note Payable | E108: Alectra Inc. | F108: Affiliated | G108: Fixed | H108: 42272 | I108: 30 | J108: 30000000 | K108: 0.04199 | L108: 1249394.1
C109: 10 | D109: Prommisory Note Payable | E109: Alectra Inc. | F109: Affiliated | G109: Fixed | H109: 44238 | I109: 10 | J109: 1.7753425e+08 | K109: 0.01815 | L109: 3204240
C110: 11 | D110: Prommisory Note Payable | E110: Alectra Inc. | F110: Affiliated | G110: Fixed | H110: 38139 | I110: 20 | J110: 78236285 | K110: 0.0441 | L110: 3450220.2
C111: 12 | D111: Prommisory Note Payable | E111: Alectra Inc. | F111: Affiliated | G111: Fixed | H111: 38139 | I111: 20 | J111: 67866202 | K111: 0.0441 | L111: 2992899.5
C112: 13 | D112: Prommisory Note Payable | E112: Alectra Inc. | F112: Affiliated | G112: Fixed | H112: 38139 | I112: 20 | J112: 20000000 | K112: 0.0441 | L112: 882000
C113: Total | J113: =SUM(J100:J112) -> 1.9891984e+09 | K113: =+L113/J113 -> 0.034975223 | L113: =SUM(L100:L112) -> 69572657
F116: Year | G116: 2022
C118: Row | D118: Description | E118: Lender | F118: Affiliated or Third-Party Debt? | G118: Fixed or Variable-Rate? | H118: Start Date | I118: Term (years) | J118: Principal ($) | K118: Rate (%) 2 | L118: Interest ($) 1,4 | M118: Additional Comments, if any
C119: 1 | D119: Prommisory Note Payable | E119: Alectra Inc. | F119: Affiliated | G119: Fixed | H119: 41095 | I119: 10 | J119: 76027397 | K119: 0.03033 | L119: 2602141
C120: 2 | D120: Prommisory Note Payable | E120: Alectra Inc. | F120: Affiliated | G120: Fixed | H120: 40662 | I120: 30 | J120: 210000000 | K120: 0.05297 | L120: 11158365
C121: 3 | D121: Prommisory Note Payable | E121: Alectra Inc. | F121: Affiliated | G121: Fixed | H121: 42872 | I121: 10 | J121: 605000000 | K121: 0.02488 | L121: 17106000
C122: 4 | D122: Prommisory Note Payable | E122: Alectra Inc. | F122: Affiliated | G122: Fixed | H122: 41964 | I122: 10 | J122: 150000000 | K122: 0.03239 | L122: 4965196.4
C123: 5 | D123: Prommisory Note Payable | E123: Alectra Inc. | F123: Affiliated | G123: Fixed | H123: 41850 | I123: 28 | J123: 200000000 | K123: 0.03958 | L123: 7962888.1
C124: 6 | D124: Prommisory Note Payable | E124: Alectra Inc. | F124: Affiliated | G124: Fixed | H124: 43566 | I124: 30 | J124: 200000000 | K124: 0.03497 | L124: 6946600.9
C125: 7 | D125: Prommisory Note Payable | E125: Alectra Inc. | F125: Affiliated | G125: Fixed | H125: 40518 | I125: 20 | J125: 65000000 | K125: 0.05327 | L125: 3446598.9
...
